 Dungeon Crawl Stone Soup version 0.28.0 (webtiles) character file.

Game seed: 3443599807519571819

19 Lathuz the Digger (level 2, 15/15 HPs)
             Began as a Gargoyle Earth Elementalist on Feb 9, 2022.
             Quit the game on level 1 of the Dungeon.
             The game lasted 00:02:40 (612 turns).

Lathuz the Digger (Gargoyle Earth Elementalist)      Turns: 612, Time: 00:02:41

Health: 15/15      AC:  4    Str: 11    XL:     2   Next: 75%
Magic:  5/5        EV: 12    Int: 15    God:
Gold:   20         SH:  0    Dex: 10    Spells: 4/5 levels left

rFire   . . .      SeeInvis .   a - +0 whip
rCold   . . .      Faith    .   (no shield)
rNeg    + . .      Spirit   .   b - +0 robe
rPois   ∞          Reflect  .   (no helmet)
rElec   +          Harm     .   (no cloak)
rCorr   .          Rampage  .   (no gloves)
Will    .....                   (no boots)
Stlth   ++........              (no amulet)
HPRegen 0.05/turn               (no ring)
MPRegen 0.09/turn               (no ring)

@: no status effects
A: sickness immunity, AC +2, negative energy resistance 1, electricity
resistance, torment resistance 1, petrification resistance
a: no special abilities


You were on level 1 of the Dungeon.
You visited 1 branch of the dungeon, and saw 1 of its levels.

You collected 20 gold pieces.

Inventory:

Hand Weapons
 a - a +0 whip (weapon)
 d - a +0 dagger
Missiles
 s - 20 stones
Armour
 b - a +0 robe (worn)
 f - a +0 pair of gloves
Scrolls
 e - a scroll of magic mapping {unknown}
Potions
 c - a potion of curing {unknown}


   Skills:
 * Level 1.9 Dodging
 * Level 2.6 Stealth
 + Level 2.1 Spellcasting
 * Level 1.2 Transmutations
 + Level 3.7 Earth Magic


You had 4 spell levels left.
You knew the following spells:

 Your Spells              Type           Power      Damage    Failure   Level
a - Sandblast             Erth           24%        2d8       4%          1

Your spell library contained the following spells:

 Spells                   Type           Power      Damage    Failure   Level
 Passwall                 Tmut/Erth      7%         N/A       12%         2
 Stone Arrow              Conj/Erth      14%        3d7       30%         3
 Petrify                  Tmut/Erth      9%         N/A       61%         4


Dungeon Overview and Level Annotations

Branches:
Dungeon (1/15)

Altars:


Innate Abilities, Weirdness & Mutations

You are immune to sickness and miasma.
Your stone body is resilient. (AC +2)
You are immune to poison.
You resist negative energy. (rN+)
You are resistant to electric shocks. (rElec)
You are resistant to unholy torment.
You are immune to petrification.


Message History

Aiming: Sandblast (safe; 4% risk of failure)
Press: ? - help, Shift-Dir - straight line, f - hobgoblin
Aim: a hobgoblin (79% to hit)
The blast of sand hits the hobgoblin.
You kill the hobgoblin!
Casting: Sandblast (safe; 4% risk of failure)
Confirm with . or Enter, or press ? or * to list all spells.
Aiming: Sandblast (safe; 4% risk of failure)
Press: ? - help, Shift-Dir - straight line, f - kobold
Aim: a kobold, wielding a +0 dagger and quivering stones (moderately wounded, 74% to hit)
The blast of sand hits the kobold.
You kill the kobold!
The rat bites you.
Casting: Sandblast (safe; 4% risk of failure)
Confirm with . or Enter, or press ? or * to list all spells.
Aiming: Sandblast (safe; 4% risk of failure)
Press: ? - help, Shift-Dir - straight line, f - rat
Aim: a rat (79% to hit)
The blast of sand hits the rat.
You kill the rat!
You start resting.
Magic restored.
You start resting.
HP restored.
s - 21 stones (gained 4); a +0 dagger; a kobold corpse An endoplasm comes into view.
Casting: Sandblast (safe; 4% risk of failure)
Confirm with . or Enter, or press ? or * to list all spells.
Aiming: Sandblast (safe; 4% risk of failure)
Press: ? - help, Shift-Dir - straight line, f - endoplasm
Aim: an endoplasm (asleep, 100% to hit)
The blast of sand hits the endoplasm!
You kill the endoplasm!
Magic restored.
You see here a +0 whip.
There is a stone staircase leading down here.
There is a stone staircase leading down here.
A rat comes into view.
Okay, then.
Are you sure you want to abandon this character and quit the game? (Confirm with "yes".)

###.###..
#..r...............
..................
..................
..................
#............###)#
+.................
#...........####.#
#@........ #.#
#......... #.#
#......... #.#
#......... #.#
#.######## #..
#.##############..
#.#.............>.
#.#.############.#
#.#.############.#


You could see a rat (asleep).

Vanquished Creatures
  A dart slug (D:1)
  3 endoplasms (D:1)
  2 hobgoblins (D:1)
  2 jackals (D:1)
  3 kobolds (D:1)
  A bat (D:1)
  2 frilled lizards (D:1)
  2 rats (D:1)
16 creatures vanquished.

Notes
Turn   | Place    | Note
-------+----------+-------------------------------------------
     0 | D:1      | Lathuz the Gargoyle Earth Elementalist began the quest for
                  | the Orb.
     0 | D:1      | Reached XP level 1. HP: 10/10 MP: 3/3
    86 | D:1      | Reached skill level 1 in Transmutations
   161 | D:1      | Reached XP level 2. HP: 13/15 MP: 3/5
   612 | D:1      | Quit the game

Illustrated notes

Levels and vault maps discovered:
D:1:      lightli_iron_boxes, layout_basic, shapermc_ecumenical_altar_hornbeckon

Skill      XL: |  1 |
---------------+----+-----
Transmutations | 1 |  1.2
Dodging        | |  1.9
Stealth        | |  2.6
Spellcasting   | |  2.1
Earth Magic    | |  3.7

Action                   || total
-------------------------++-------
Melee: Whip              ||    17
 Cast: Sandblast         ||    14
 Stab: Sleeping          ||     2
Armor: Robe              ||     8
Dodge: Dodged            ||    10
